 Dungeon Crawl Stone Soup version 0.30-a0-49-g1cef19eb02 (webtiles) character file.

Game seed: 12306609129488757157

11189 scionoferis the Carver (level 11, -2/156 HPs)
             Began as a Naga Warper on Sept 2, 2022.
             Was a Priest of Wu Jian.
             Slain by an 11-headed hydra (11 damage)
             ... on level 10 of the Dungeon.
             The game lasted 00:46:29 (12287 turns).

scionoferis the Carver (Naga Warper)               Turns: 12287, Time: 00:46:31

Health: -2/156     AC: 25    Str: 13    XL:     11   Next: 73%
Magic:  11/14      EV:  1    Int: 15    God:    Wu Jian [***...]
Gold:   491        SH:  5    Dex: 20    Spells: 3/14 levels left

rFire   . . .      SeeInvis +    a - +2 scimitar (freeze)
rCold   + . .      Faith    .    (no shield)
rNeg    . . .      Spirit   .    (body armour currently unavailable)
rPois   +          Reflect  +    (helmet currently unavailable)
rElec   .          Harm     .    (cloak currently unavailable)
rCorr   .          Rampage  .    (gloves currently unavailable)
Will    +....      NoTele   +    (no barding)
Stlth   ++++......               H - amulet of reflection
HPRegen 0.36/turn                Q - ring of protection from cold
MPRegen 0.14/turn                p - +6 ring of dexterity

@: tree-form
A: stationary, stasis, torment immunity, boosted hp, AC +3, large, see
invisible, (deformed body), (poison resistance), (slowness 2), spit poison 1,
(naga tail 1)
a: Spit Poison, Renounce Religion, Wall Jump, Serpent's Lash


You were on level 10 of the Dungeon.
You worshipped Wu Jian.
Wu Jian was most pleased with you.
You were a tree.
You visited 2 branches of the dungeon, and saw 11 of its levels.
You also visited: Sewer.

You collected 641 gold pieces.
You spent 150 gold pieces at shops.

Inventory:

Hand Weapons
 a - a +2 scimitar of freezing (weapon)
 b - a +2 dagger of protection
 O - a +0 arbalest
Missiles
 d - 6 boomerangs of dispersal (quivered)
 g - 4 javelins
 l - 6 boomerangs
 y - 25 poisoned darts
 E - 2 throwing nets
Armour
 m - a +0 helmet (melded)
 n - a +2 robe of willpower (melded)
Jewellery
 p - a +6 ring of dexterity (right branch)
 D - a ring of flight
 H - an amulet of reflection (around neck)
 Q - a ring of protection from cold (left branch)
Wands
 u - a wand of paralysis (1)
 v - a wand of polymorph (3)
 z - a wand of mindburst (2)
 L - a wand of flame (34)
 S - a wand of light (3)
Scrolls
 c - 2 scrolls of blinking
 k - 3 scrolls of identify
 o - 2 scrolls of magic mapping
 B - 2 scrolls of teleportation
 G - a scroll of summoning
 I - a scroll of fog
 K - 2 scrolls of fear
Potions
 f - 2 potions of curing
 h - a potion of lignification
 C - a potion of flight
 P - a potion of cancellation {unknown}


   Skills:
 + Level 8.9 Fighting
 + Level 13.0 Long Blades
 - Level 0.8 Throwing
 - Level 0.7 Armour
 - Level 1.5 Dodging
 - Level 8.0 Stealth
 - Level 2.0 Spellcasting
 + Level 8.9 Translocations


You had 3 spell levels left.
You knew the following spells:

 Your Spells              Type           Power      Damage    Failure   Level
a - Blink                 Tloc           56%        N/A       1%          2
b - Lesser Beckoning      Tloc           28%        N/A       1%          3
c - Manifold Assault      Tloc           28%        N/A       16%         5
d - Apportation           Tloc           56%        N/A       1%          1

Your spell library contained the following spells:

 Spells                   Type           Power      Damage    Failure   Level
 Gell's Gravitas          Tloc           28%        N/A       1%          3
 Teleport Other           Tloc           28%        N/A       1%          3
 Necrotise                Necr           4%         1d4       22%         1
 Summon Small Mammal      Summ           4%         N/A       22%         1
 Static Discharge         Conj/Air       2%         3-4/arc   32%         2
 Lightning Bolt           Conj/Air       0%         1d11      99%         5
 Maxwell's Capacitive Co  Air            0%         ∞         100%        8


Dungeon Overview and Level Annotations

Branches:
Dungeon (10/15)            Temple (1/1) D:4            Lair (0/5) D:9
  Sewer (visited)
    Orc: D:9-12

Altars:
Ashenzari
Cheibriados
Dithmenos
Elyvilon
Fedhas
Gozag
Hepliaklqana
Kikubaaqudgha
Makhleb
Nemelex Xobeh
Okawaru
Qazlal
Sif Muna
Trog
Uskayaw
Vehumet
Wu Jian
Xom
Yredelemnul
Zin
The Shining One

Shops:
D:3 *=   D:6 ?

Annotations:
D:6 2 transporters, SensoryNuts's ghost, novice KoBr
D:8 1 runed translucent door, pigah's ghost, novice OpAE


Innate Abilities, Weirdness & Mutations

You are a tree.
Your roots penetrate the ground, keeping you stationary.
You cannot be teleported.
You are immune to unholy pain and torment.
Your maximum health is greatly increased.
Your equipment is partially melded.
((Your serpentine skin is tough. (AC +3)))
You have supernaturally acute eyesight. (SInv)
((Armour fits poorly on your strangely shaped body.))
((Your system is resistant to poisons. (rPois)))
((You cover ground very slowly.))
You can spit poison.
((You have a snake-like lower body.))


Message History

* * * LOW HITPOINT WARNING * * *
The eight-headed hydra bites you but does no damage. x2
The eight-headed hydra bites you.
* * * LOW HITPOINT WARNING * * *
The eight-headed hydra bites you but does no damage. x2
The eight-headed hydra bites you.
* * * LOW HITPOINT WARNING * * *
Okay, then.
You slice one of the eight-headed hydra's heads off!
The seven-headed hydra grows two more!
You slice the nine-headed hydra!! You freeze the nine-headed hydra!
The nine-headed hydra is heavily wounded.
You feel a little less mighty now.
The nine-headed hydra bites you but does no damage. x4
The nine-headed hydra bites you!
* * * LOW HITPOINT WARNING * * *
The nine-headed hydra bites you but does no damage. x2
The nine-headed hydra bites you.
* * * LOW HITPOINT WARNING * * *
The nine-headed hydra bites you but does no damage.
Unknown command.
You slice one of the nine-headed hydra's heads off!
The eight-headed hydra grows two more!
You slice the ten-headed hydra!!
The ten-headed hydra seems to slow down.
You freeze the ten-headed hydra.
The ten-headed hydra is severely wounded.
Unknown command.
You hack one of the ten-headed hydra's heads off!
The nine-headed hydra grows two more!
You hit the 11-headed hydra. You freeze the 11-headed hydra.
The 11-headed hydra is heavily wounded.
The 11-headed hydra bites you but does no damage. x2
The 11-headed hydra bites you!
* * * LOW HITPOINT WARNING * * *
The 11-headed hydra bites you but does no damage.
The 11-headed hydra completely misses you.
You block the 11-headed hydra's attack.
The 11-headed hydra bites you but does no damage. x2
You block the 11-headed hydra's attack. The 11-headed hydra bites you!
You die...

#.#..##.○#
#.##..#(.#
#.##..#..#
#)##..#..#
#.#..##.. ####
#....#..#.....
##...#).......
#..##D..#
#..#♣####
#...##
##.......#
#########


You could see a 11-headed hydra (slow).

Vanquished Creatures
  3 two-headed ogres
  An ogre mage (D:10)
  A death knight (D:10)
  A gargoyle (D:8)
  5 unseen horror zombies (D:9)
  A kobold demonologist (D:10)
  An efreet (D:10)
  2 trolls
  Prince Ribbit (D:6)
  Sigmund (D:2)
  5 yaks (D:9)
  A wraith (D:10)
  A wyvern (D:8)
  A steam dragon (D:8)
  Pargi (Sewer)
  A sky beast (D:8)
  3 orc warriors
  A phantom (D:4)
  4 centaurs
  7 kobold brigands
  3 bullfrogs
  A wyvern zombie (D:9)
  2 scorpions
  A necrophage (D:2)
  A gnoll sergeant (D:8)
  20 wights
  8 killer bees
  3 howler monkeys (D:10)
  3 centaur zombies (D:9)
  3 jellies
  4 hounds
  An orc priest (D:3)
  Natasha (thrice) (D:2)
  2 gnoll boudas
  2 iguanas
  8 orc wizards
  A howler monkey zombie (D:9)
  25 gnolls
  10 adders
  A shadow imp (D:7)
  A worm (D:4)
  3 dart slugs
  23 orcs
  11 bats
  6 endoplasms
  9 giant cockroaches
  11 goblins
  9 hobgoblins
  10 jackals
  21 kobolds
  5 quokkas
  7 ball pythons
  2 frilled lizards (D:1)
  4 rats
266 creatures vanquished.

Vanquished Creatures (others)
  A kobold (D:8)
  2 plants (D:1)
3 creatures vanquished.

Grand Total: 269 creatures vanquished

Notes
Turn   | Place    | Note
-------+----------+-------------------------------------------
     0 | D:1      | scionoferis the Naga Warper began the quest for the Orb.
     0 | D:1      | Reached XP level 1. HP: 19/19 MP: 3/3
   556 | D:1      | Reached XP level 2. HP: 22/26 MP: 5/5
   561 | D:1      | Learned a level 2 spell: Blink
  1059 | D:1      | Reached XP level 3. HP: 33/33 MP: 6/6
  1347 | D:1      | Reached skill level 3 in Long Blades
  1719 | D:2      | Found an ancient bone altar of Kikubaaqudgha.
  1881 | D:2      | Reached XP level 4. HP: 32/40 MP: 7/7
  2088 | D:2      | Noticed Sigmund
  2098 | D:2      | Killed Sigmund
  2099 | D:2      | Reached skill level 4 in Long Blades
  2099 | D:2      | Reached XP level 5. HP: 49/49 MP: 8/8
  2099 | D:2      | Reached XP level 6. HP: 56/56 MP: 9/9
  2114 | D:2      | Noticed Natasha
  2120 | D:2      | Killed Natasha
  2168 | D:2      | Noticed Natasha
  2178 | D:2      | Killed Natasha
  2224 | D:2      | Reached skill level 5 in Long Blades
  2542 | D:2      | Noticed Natasha
  2555 | D:2      | Killed Natasha
  2944 | D:3      | Reached XP level 7. HP: 63/63 MP: 10/10
  3019 | D:3      | Found a radiant altar of Vehumet.
  3025 | D:3      | Found a bloodstained altar of Trog.
  3111 | D:3      | Found a sparkling altar of Nemelex Xobeh.
  3134 | D:3      | Found Bunopi's Assorted Antiques.
  3142 | D:3      | Bought a dented bronze amulet for 150 gold pieces
  3503 | D:3      | Found Nobro's Jewellery Shop.
  3865 | D:4      | Found a staircase to the Ecumenical Temple.
  3921 | D:4      | Reached skill level 6 in Long Blades
  3945 | D:4      | Found a glowing drain.
  3996 | Sewer    | Entered a sewer
  4012 | Sewer    | Reached skill level 5 in Translocations
  4182 | Sewer    | Noticed Pargi
  4190 | Sewer    | Killed Pargi
  4321 | Temple   | Entered the Ecumenical Temple
  4326 | Temple   | Became a worshipper of the Wu Jian Council
  4988 | D:4      | Reached XP level 8. HP: 64/73 MP: 9/11
  5362 | D:4      | Reached skill level 5 in Fighting
  5362 | D:4      | Reached skill level 7 in Long Blades
  5475 | D:5      | Entered Level 5 of the Dungeon
  6493 | D:6      | Reached skill level 8 in Long Blades
  6494 | D:6      | Noticed Prince Ribbit
  6518 | D:6      | Killed Prince Ribbit
  6519 | D:6      | Reached skill level 9 in Long Blades
  6542 | D:6      | Reached XP level 9. HP: 26/81 MP: 12/12
  6818 | D:6      | Noticed SensoryNuts's ghost (novice KoBr)
  6819 | D:6      | Found a transporter.
  6824 | D:6      | Found a transporter.
  7270 | D:6      | Found Sienle's Magic Scroll Shoppe.
  7549 | D:7      | Reached * piety under Wu Jian
  7553 | D:7      | Reached skill level 10 in Long Blades
  8386 | D:8      | Reached skill level 1 in Stealth
  8459 | D:8      | Reached skill level 11 in Long Blades
  8790 | D:8      | Noticed a two-headed ogre
  8805 | D:8      | Killed a two-headed ogre
  8806 | D:8      | Reached XP level 10. HP: 18/91 MP: 13/13
  9163 | D:8      | Noticed a gargoyle
  9164 | D:8      | Found a runed translucent door.
  9164 | D:8      | Noticed pigah's ghost (novice OpAE)
  9168 | D:8      | Killed a gargoyle
  9169 | D:8      | Reached skill level 5 in Stealth
  9539 | D:8      | Learned a level 3 spell: Lesser Beckoning
  9545 | D:8      | Learned a level 5 spell: Manifold Assault
  9574 | D:8      | Found an iron altar of Okawaru.
  9581 | D:8      | Reached ** piety under Wu Jian
  9883 | D:9      | Noticed a two-headed ogre
  9886 | D:9      | Killed a two-headed ogre
  9913 | D:9      | Learned a level 1 spell: Apportation
 10223 | D:9      | Found a basalt altar of Yredelemnul.
 10256 | D:9      | Reached skill level 12 in Long Blades
 10276 | D:9      | Reached XP level 11. HP: 17/100 MP: 14/14
 10925 | D:9      | Found a staircase to the Lair.
 11483 | D:9      | Found a burning altar of Makhleb.
 12125 | D:10     | Entered Level 10 of the Dungeon
 12209 | D:10     | Reached *** piety under Wu Jian
 12210 | D:10     | Noticed a two-headed ogre
 12219 | D:10     | Noticed a death knight
 12229 | D:10     | Killed a two-headed ogre
 12251 | D:10     | Noticed an ogre mage
 12261 | D:10     | Killed a death knight
 12265 | D:10     | Noticed a soul eater
 12266 | D:10     | Noticed a four-headed hydra
 12267 | D:10     | Killed an ogre mage
 12269 | D:10     | Reached skill level 13 in Long Blades
 12287 | D:10     | Slain by an 11-headed hydra

Illustrated notes

Levels and vault maps discovered:
D:1:      wander_arrival_fairy_ring, layout_basic, hex_intersection,
          chequers_serial_rivers_room_a
D:2:      layout_loops_ring, basic_altar, kennysheep_another_room,
          minmay_misc_feat_alley, minmay_worlds_worst_comb, uniq_natasha,
          uniq_sigmund
D:3:      minmay_evil_eye, layout_loops_cross, grunt_temple_overflow_open,
          serial_shops, shop, nicolae_shop_behind_doors,
          minmay_misc_feat_enclosed
D:4:      layout_basic, minmay_temple_entry_mini_moons, portal_sewer_entry_f,
          grunt_ministairs_12, minmay_diced_spiral
D:5:      layout_loops_ring, nrook_mini_vaults, minmay_misc_feat_diagonals,
          chequers_garden
D:6:      layout_basic, serial_shops, kennysheep_mini, gammafunk_ghost_hive,
          chequers_serial_rivers_micro_a, uniq_prince_ribbit1
D:7:      layout_basic
D:8:      layout_rooms, okawaru_altar_gauntlet_db, gammafunk_ghost_grave,
          minmay_misc_feat_plants
D:9:      layout_loops_cross, nicolae_yredelemnul_corpse_copse,
          kennysheep_little_box, lair_entry_dummy
D:10:     layout_loops_ring, nicolae_ru_sacrificial_ziggurat,
          minmay_misc_feat_room, minmay_gold_behind_fungi, minmay_pinched_square
Temple:   minmay_freezing_vapour_temple

Skill      XL: |  1  2  3  4  5  6  7  8  9 10 11 |
---------------+----------------------------------+-----
Long Blades    | 3 4 5 6 9 11 12 13 | 13.0
Fighting       | 3 4 5 7 8 |  8.9
Translocations | 4 5 7 8 |  8.9
Stealth        | 4 8 |  8.0
Throwing       | |  0.8
Armour         | |  0.7
Dodging        | |  1.5
Spellcasting   | |  2.0

Action                   |  1- 3 |  4- 6 |  7- 9 | 10-12 || total
-------------------------+-------+-------+-------+-------++-------
Melee: Falchion          |    31 |       |       |       ||    31
       Punch             |     4 |     3 |     9 |     4 ||    20
       Dagger            |   161 |   122 |   627 |    51 ||   961
       Long sword        |       |       |    52 |   149 ||   201
       Scimitar          |       |       |       |   118 ||   118
Throw: Boomerang         |       |     2 |     5 |       ||     7
       Dart              |       |       |    14 |     2 ||    16
       Throwing net      |       |       |     1 |       ||     1
 Cast: Blink             |       |       |     3 |       ||     3
       Lesser Beckoning  |       |       |       |     2 ||     2
Invok: Lunge             |       |       |    27 |    21 ||    48
       Whirlwind         |       |       |     2 |    19 ||    21
Evoke: Wand              |       |       |     7 |    13 ||    20
  Use: Potion            |       |     1 |     3 |     6 ||    10
       Scroll            |       |       |    13 |     1 ||    14
 Stab: Sleeping          |       |     1 |     5 |     9 ||    15
       Paralysed         |       |       |     6 |     3 ||     9
       Invisible         |       |       |       |     2 ||     2
Armor: Leather armour    |    76 |       |       |       ||    76
       Ring mail         |    14 |     9 |       |       ||    23
       Robe              |       |    24 |   216 |    61 ||   301
       Skin              |       |       |       |    47 ||    47
Dodge: Dodged            |    94 |    48 |   276 |   120 ||   538
Block: Other             |       |       |    47 |    60 ||   107
       Reflection        |       |       |     2 |     3 ||     5

Table legend: (Time is in decaauts)
 A = Elapsed time spent in this place.
 B = Non-inter-level travel time spent in this place.
 C = Inter-level travel time spent in this place.
 D = Time resting spent in this place.
 E = Time spent auto-exploring this place.
 F = Levels seen in this place.
 G = Mean time per level.
                   A        B        C        D        E       F      G
               +--------+--------+--------+--------+--------+-----+--------+
         Total |  14266 |  13766 |    500 |   3001 |   8191 |  12 | 1188.8 |
       Dungeon |  13969 |  13474 |    495 |   2876 |   8122 |  10 | 1396.9 |
        Temple |     14 |      9 |      5 |      0 |      0 |   1 |   14.0 |
         Sewer |    282 |    282 |      0 |    125 |     69 |   1 |  282.0 |
               +--------+--------+--------+--------+--------+-----+--------+

Top non-repeatable levels by time:
     D:9: 2450 daAuts
     D:1: 1929 daAuts
     D:4: 1697 daAuts
     D:8: 1616 daAuts
     D:5: 1432 daAuts
     D:2: 1384 daAuts
     D:3: 1174 daAuts
     D:7: 1081 daAuts
     D:6: 1033 daAuts
   Sewer: 282 daAuts
    D:10: 169 daAuts
  Temple: 14 daAuts
